Avalanche vs Kings

Created - 12 février 2018 at 17:28

Goals
1 2 3 T
Avalanche 1 1 3 5
Kings 0 2 1 3
Shots
1 2 3 T
Avalanche 16 11 11 38
Kings 9 9 10 28

1st period

1. Avalanche , Aleksander Barkov 22 (Johnny Gaudreau 14, Mark Giordano 14) at 4:58

Penalties :
Alex Ovechkin (LAK) for Hooking (Minor) at 1:45, Mark Giordano (COL) for Hooking (Minor) at 5:12

2nd period

2. Avalanche , Mark Stone 10 (Nikita Kucherov 29) at 4:10
3. Kings , Alex Ovechkin 29 (Anze Kopitar 24) at 11:13
4. Kings , Alex Ovechkin 30 (Thomas Vanek 21, Danny DeKeyser 9) at 17:53

Penalties :
Alex Ovechkin (LAK) for Boarding (Minor) at 5:25, Adam Larsson (COL) for Roughing (Minor) at 12:13

3rd period

5. Avalanche , Mark Jankowski 4 (Zack Smith 14, Mattias Ekholm 17) at 0:50
6. Avalanche , Johnny Gaudreau 15 (Adam Larsson 10, Sam Bennett 11) at 2:24
7. Kings , Alex Ovechkin 31 (Anze Kopitar 25, Thomas Vanek 22) at 6:34
8. Avalanche , Mark Jankowski 5 (Zack Smith 15, Micheal Ferland 6) at 10:17

Penalties :
Anze Kopitar (LAK) for Hooking (Minor) at 11:01

Goalie Stats

Cory Schneider (COL), 25 saves from 28 shots - (0,893), W, 18-12-7, 60:00 minutes
Ryan Miller (LAK), 33 saves from 38 shots - (0,868), L, 19-17-4, 60:00 minutes

Players Stats for Avalanche

Player Name              G  A  P  +/- PIM S  H  SB GA TA FO     MP     PP MP  PK MP  
------------------------------------------------------------------------------------
Adam Larsson             0  1  1   2  2   1  1  2  0  2  0/0    19:26   1:47   0:47 
Aleksander Barkov        1  0  1   2  0   2  1  0  1  1  8/14   15:34   1:31   0:00 
Alex Chiasson            0  0  0   0  0   1  0  1  0  0  0/0     9:36   0:00   0:00 
Fedor Tyutin             0  0  0   0  0   1  0  3  0  0  0/0    15:02   0:02   0:06 
Jaccob Slavin            0  0  0   0  0   0  0  0  0  2  0/0    25:04   4:08   2:21 
Jakob Silfverberg        0  0  0   2  0   1  2  0  0  1  1/3    18:03   1:31   2:10 
Johnny Gaudreau          1  1  2   2  0   4  0  0  0  0  0/0    17:44   3:38   0:00 
Mark Giordano            0  1  1   0  2   1  1  1  0  0  0/0    23:13   4:08   1:09 
Mark Jankowski           2  0  2   1  0   2  1  0  0  0  0/0    11:35   0:00   0:00 
Mark Stone               1  0  1  -1  0   5  1  0  1  0  0/0    17:05   1:50   1:12 
Mark Stuart              0  0  0   0  0   2  0  1  0  1  0/0    16:24   0:02   1:45 
Mattias Ekholm           0  1  1   2  0   2  0  0  0  0  0/0    21:13   1:47   1:48 
Micheal Ferland          0  1  1   1  0   3  0  0  0  0  1/2    12:04   0:00   0:36 
Nikita Kucherov          0  1  1  -1  0   7  1  0  1  0  1/2    19:10   4:05   0:00 
Pavel Buchnevich         0  0  0   0  0   1  0  0  0  0  0/0    10:45   0:30   0:36 
Sam Bennett              0  1  1   0  0   2  0  1  0  0  2/3    10:24   0:41   0:00 
Sean Couturier           0  0  0  -1  0   2  0  0  0  0  11/20  20:24   4:05   1:12 
Zack Smith               0  2  2   1  0   1  0  0  2  0  1/8    13:14   0:00   2:10 

Players Stats for Kings

Player Name              G  A  P  +/- PIM S  H  SB GA TA FO     MP     PP MP  PK MP  
------------------------------------------------------------------------------------
Alex Ovechkin            3  0  3   1  4   4  2  0  2  0  0/2    16:57   2:07   0:00 
Anze Kopitar             0  2  2   1  2   4  0  0  1  0  12/20  18:21   2:07   0:15 
Artem Anisimov           0  0  0  -1  0   1  0  0  0  0  1/1    16:13   1:44   0:47 
Brian Dumoulin           0  0  0  -2  0   0  0  1  0  0  0/0    17:31   0:00   1:53 
Danny DeKeyser           0  1  1   0  0   1  1  4  0  1  0/0    21:56   0:00   4:04 
Jason Zucker             0  0  0  -1  0   1  1  1  0  2  1/1    18:23   2:30   4:04 
Jon Merrill              0  0  0  -2  0   0  0  0  0  0  0/0    15:04   0:00   0:00 
Justin Schultz           0  0  0   0  0   0  4  0  0  0  0/0    20:14   2:30   0:00 
Luke Schenn              0  0  0   0  0   0  0  4  0  0  0/0    20:08   0:00   4:04 
Magnus Paajarvi          0  0  0  -1  0   1  3  2  2  1  0/0    10:45   0:00   1:06 
Mathieu Perreault        0  0  0  -1  0   2  2  0  0  0  0/0    15:18   1:44   0:00 
Michael Del Zotto        0  0  0   0  0   1  3  2  1  1  0/0    20:06   1:28   1:53 
Nikita Soshnikov         0  0  0  -1  0   1  2  0  0  0  0/0    10:02   0:00   0:00 
Oliver Bjorkstrand       0  0  0  -1  0   5  2  0  1  0  0/0    11:01   0:07   0:00 
Ryan Kesler              0  0  0  -1  0   4  3  0  0  0  6/12   15:13   1:44   0:00 
Thomas Vanek             0  2  2   1  0   0  1  0  0  0  0/2    16:53   2:04   0:00 
Tomas Hertl              0  0  0  -1  0   3  4  1  0  0  5/9    17:57   1:35   4:15 
William Karlsson         0  0  0  -1  0   0  0  1  0  0  2/5    11:58   0:10   1:27 

3 Stars

1 - Mark Jankowski (COL)
2 - Alex Ovechkin (LAK)
3 - Johnny Gaudreau (COL)

Power Play

Avalanche - 0 on 3 Attempt(s) - 0,00%
Kings - 0 on 2 Attempt(s) - 0,00%

Penalty Kill

Avalanche - 2 on 2 Attempt(s) - 100,00% - Score 0 goal in Penalty Kill
Kings - 3 on 3 Attempt(s) - 100,00% - Score 0 goal in Penalty Kill

Team Stat

Avalanche - Hits : 8 - Faceoff Wins : 25 - Blocked Shots : 9 - Penalty Minutes : 4
Kings - Hits : 28 - Faceoff Wins : 27 - Blocked Shots : 16 - Penalty Minutes : 6

Official

Referees : Dave Jackson and Tom Kowal
Linesman : Michel Cormier and Jay Sharrers

Game Notes

Alex Ovechkin has scored a Hat Trick!

Finance

Level 1 -- Attendance: 6000 (100,00%) -- Ticket Income 540 000 $
Level 2 -- Attendance: 5000 (100,00%) -- Ticket Income 250 000 $
Level 3 -- Attendance: 1883 (94,15%) -- Ticket Income 56 490 $
Level 4 -- Attendance: 4000 (100,00%) -- Ticket Income 40 000 $
Luxury Box -- Attendance: 1000 (100,00%) -- Ticket Income 160 000 $
Game was played at the Hollywood Garden.
Total Attendance: 17883 (99,35%)
Total Ticket Income: 1 046 490 $
Other Income: 512 780 $
Total Income: 1 559 270 $

Avalanche

5 vs 5 Forward 
   Center                   Left Wing                Right Wing               Time % Phy DF OF 
 1 Sean Couturier           Nikita Kucherov          Mark Stone               35     0   2  3  
 2 Aleksander Barkov        Johnny Gaudreau          Jakob Silfverberg        32     0   2  3  
 3 Zack Smith               Mark Jankowski           Micheal Ferland          25     0   2  3  
 4 Sam Bennett              Pavel Buchnevich         Alex Chiasson            8      0   3  2  

5 vs 5 Defense 
   Defense                  Defense                                           Time % Phy DF OF 
 1 Mark Giordano            Jaccob Slavin                                     35     0   3  2  
 2 Mattias Ekholm           Adam Larsson                                      32     0   3  2  
 3 Fedor Tyutin             Mark Stuart                                       25     0   3  2  
 4 Mark Giordano            Jaccob Slavin                                     8      0   3  2  

PowerPlay Forward 
   Center                   Left Wing                Right Wing               Time % Phy DF OF 
 1 Sean Couturier           Johnny Gaudreau          Nikita Kucherov          60     0   1  4  
 2 Aleksander Barkov        Jakob Silfverberg        Mark Stone               40     0   1  4  

PowerPlay Defense
   Defense                  Defense                                           Time % Phy DF OF 
 1 Mark Giordano            Jaccob Slavin                                     60     0   3  2  
 2 Mattias Ekholm           Adam Larsson                                      40     0   3  2  

Penalty Kill 4 Players Forward 
   Center                   Wing                     Time % Phy DF OF 
 1 Zack Smith               Jakob Silfverberg        60     1   2  2  
 2 Sean Couturier           Mark Stone               40     1   2  2  

Penalty Kill 4 Players Defense
   Defense                  Defense                  Time % Phy DF OF 
 1 Mark Giordano            Jaccob Slavin            60     1   2  2  
 2 Mattias Ekholm           Adam Larsson             40     1   2  2  

Penalty Kill - 3 Players Forward 
   Forward                                           Time % Phy DF OF 
 1 Zack Smith                                        60     1   2  2  
 2 Sean Couturier                                    40     1   2  2  

Penalty Kill - 3 Players Defense
   Defense                  Defense                  Time % Phy DF OF 
 1 Mark Giordano            Jaccob Slavin            60     1   2  2  
 2 Mattias Ekholm           Adam Larsson             40     1   2  2  

4 vs 4 Forward 
   Center                   Wing                     Time % Phy DF OF 
 1 Zack Smith               Jakob Silfverberg        60     1   2  2  
 2 Sean Couturier           Nikita Kucherov          40     1   2  2  

4 vs 4 Defense
   Defense                  Defense                  Time % Phy DF OF 
 1 Mark Giordano            Jaccob Slavin            60     1   2  2  
 2 Mattias Ekholm           Adam Larsson             40     1   2  2  

Last Minutes Offensive
   Center                   Left Wing                Right Wing               Defense                  Defense                  
   Aleksander Barkov        Nikita Kucherov          Mark Stone               Mark Giordano            Jaccob Slavin            

Last Minutes Defensive
   Center                   Left Wing                Right Wing               Defense                  Defense                  
   Aleksander Barkov        Nikita Kucherov          Mark Stone               Mark Giordano            Jaccob Slavin            

Goaltenders
Starting : Cory Schneider           
Backup : Troy Grosenick           

Extra Forwards
Normal : Johnny Gaudreau, Sam Bennett, Micheal Ferland - PP : Johnny Gaudreau, Sam Bennett - PK : Micheal Ferland
Extra Defensemen
Normal : Fedor Tyutin, Mark Stuart, Mattias Ekholm - PP : Fedor Tyutin - PK : Mark Stuart, Mattias Ekholm
Penalty Shots
Nikita Kucherov, Aleksander Barkov, Sean Couturier, Mark Stone, Jakob Silfverberg
Custom OT Lines Forwards
Nikita Kucherov, Aleksander Barkov, Sean Couturier, Mark Stone, Jakob Silfverberg, Johnny Gaudreau, Zack Smith, Sam Bennett, Micheal Ferland, Alex Chiasson
Custom OT Lines Defensemen
Mark Giordano, Jaccob Slavin, Mattias Ekholm, Adam Larsson, Fedor Tyutin

Scratches
Damon Severson (Healthy), Nikita Tryamkin (Healthy), Aaron Dell (Healthy)

Kings

5 vs 5 Forward 
   Center                   Left Wing                Right Wing               Time % Phy DF OF 
 1 Anze Kopitar             Alex Ovechkin            Thomas Vanek             36     0   2  3  
 2 Ryan Kesler              Artem Anisimov           Mathieu Perreault        33     0   2  3  
 3 Tomas Hertl              Jason Zucker             Oliver Bjorkstrand       23     0   2  3  
 4 William Karlsson         Magnus Paajarvi          Nikita Soshnikov         8      1   2  2  

5 vs 5 Defense 
   Defense                  Defense                                           Time % Phy DF OF 
 1 Justin Schultz           Danny DeKeyser                                    38     1   3  1  
 2 Michael Del Zotto        Luke Schenn                                       33     1   3  1  
 3 Jon Merrill              Brian Dumoulin                                    29     1   3  1  
 4 Justin Schultz           Danny DeKeyser                                    0      1   3  1  

PowerPlay Forward 
   Center                   Left Wing                Right Wing               Time % Phy DF OF 
 1 Anze Kopitar             Alex Ovechkin            Thomas Vanek             55     0   1  4  
 2 Ryan Kesler              Artem Anisimov           Mathieu Perreault        45     0   1  4  

PowerPlay Defense
   Defense                  Defense                                           Time % Phy DF OF 
 1 Jason Zucker             Justin Schultz                                    55     1   1  3  
 2 Michael Del Zotto        Tomas Hertl                                       45     1   1  3  

Penalty Kill 4 Players Forward 
   Center                   Wing                     Time % Phy DF OF 
 1 Tomas Hertl              Jason Zucker             60     1   4  0  
 2 William Karlsson         Magnus Paajarvi          40     1   4  0  

Penalty Kill 4 Players Defense
   Defense                  Defense                  Time % Phy DF OF 
 1 Luke Schenn              Danny DeKeyser           60     1   4  0  
 2 Michael Del Zotto        Brian Dumoulin           40     1   4  0  

Penalty Kill - 3 Players Forward 
   Forward                                           Time % Phy DF OF 
 1 Ryan Kesler                                       60     1   4  0  
 2 Tomas Hertl                                       40     1   4  0  

Penalty Kill - 3 Players Defense
   Defense                  Defense                  Time % Phy DF OF 
 1 Jon Merrill              Danny DeKeyser           60     1   4  0  
 2 Luke Schenn              Michael Del Zotto        40     1   4  0  

4 vs 4 Forward 
   Center                   Wing                     Time % Phy DF OF 
 1 Anze Kopitar             Alex Ovechkin            55     0   2  3  
 2 Ryan Kesler              Artem Anisimov           45     1   2  2  

4 vs 4 Defense
   Defense                  Defense                  Time % Phy DF OF 
 1 Justin Schultz           Danny DeKeyser           55     1   2  2  
 2 Michael Del Zotto        Luke Schenn              45     1   2  2  

Last Minutes Offensive
   Center                   Left Wing                Right Wing               Defense                  Defense                  
   Anze Kopitar             Alex Ovechkin            Thomas Vanek             Michael Del Zotto        Justin Schultz           

Last Minutes Defensive
   Center                   Left Wing                Right Wing               Defense                  Defense                  
   Ryan Kesler              Anze Kopitar             William Karlsson         Luke Schenn              Danny DeKeyser           

Goaltenders
Starting : Ryan Miller              
Backup : Alex Stalock             

Extra Forwards
Normal : Tomas Hertl, Mathieu Perreault, William Karlsson - PP : Tomas Hertl, William Karlsson - PK : Tomas Hertl
Extra Defensemen
Normal : Justin Schultz, Brian Dumoulin, Jon Merrill - PP : Danny DeKeyser - PK : Justin Schultz, Michael Del Zotto
Penalty Shots
Thomas Vanek, William Karlsson, Anze Kopitar, Alex Ovechkin, Artem Anisimov
Custom OT Lines Forwards
Alex Ovechkin, Ryan Kesler, Artem Anisimov, Anze Kopitar, Thomas Vanek, Jason Zucker, Mathieu Perreault, Tomas Hertl, Magnus Paajarvi, William Karlsson
Custom OT Lines Defensemen
Justin Schultz, Jon Merrill, Brian Dumoulin, Michael Del Zotto, Danny DeKeyser

Scratches
Cam Fowler (Torn Left ACL Injury), Semyon Varlamov (Healthy)

% Time on Ice - Avalanche

Lines # - Real PCT - Wanted PCT - Time Play
Normal Forward
1 - 30% - 35% - 15:13
2 - 33% - 32% - 16:39
3 - 20% - 25% - 10:01
4 - 16% - 8% - 8:12
Normal Defense
1 - 36% - 35% - 17:48
2 - 34% - 32% - 16:53
3 - 28% - 25% - 13:48
4 - 3% - 8% - 1:36
PP Forward
1 - 69% - 60% - 4:07
2 - 31% - 40% - 1:50
PP Defense
1 - 70% - 60% - 4:10
2 - 30% - 40% - 1:47
PK Forward
1 - 70% - 60% - 2:46
2 - 30% - 40% - 1:12
PK Defense
1 - 59% - 60% - 2:21
2 - 41% - 40% - 1:37
PK3 Forward
1 - 0% - 60%
2 - 0% - 40%
PK3 Defense
1 - 0% - 60%
2 - 0% - 40%
44 Forward
1 - 0% - 60%
2 - 0% - 40%
44 Defense
1 - 0% - 60%
2 - 0% - 40%
Last Minute Offensive  - 0:00
Last Minute Defensive  - 0:00
Total
Forward - 60:00
Defense - 60:00

% Time on Ice - Kings

Lines # - Real PCT - Wanted PCT - Time Play
Normal Forward
1 - 32% - 36% - 16:09
2 - 29% - 33% - 14:26
3 - 20% - 23% - 10:05
4 - 19% - 8% - 9:25
Normal Defense
1 - 40% - 38% - 19:52
2 - 29% - 33% - 14:38
3 - 31% - 29% - 15:35
4 - 0% - 0% - 0:00
PP Forward
1 - 56% - 55% - 2:14
2 - 44% - 45% - 1:44
PP Defense
1 - 63% - 55% - 2:30
2 - 37% - 45% - 1:28
PK Forward
1 - 82% - 60% - 4:51
2 - 18% - 40% - 1:06
PK Defense
1 - 68% - 60% - 4:04
2 - 32% - 40% - 1:53
PK3 Forward
1 - 0% - 60%
2 - 0% - 40%
PK3 Defense
1 - 0% - 60%
2 - 0% - 40%
44 Forward
1 - 0% - 55%
2 - 0% - 45%
44 Defense
1 - 0% - 55%
2 - 0% - 45%
Last Minute Offensive  - 0:00
Last Minute Defensive  - 0:00
Total
Forward - 60:00
Defense - 60:00

Play by Play

1st period


0:01 of 1st period - Sean Couturier wins face-off versus Anze Kopitar in neutral zone.
0:16 of 1st period - Wrist shot by Nikita Kucherov.
0:16 of 1st period - Deflect By Mark Stone.
0:16 of 1st period - Shot Misses the Net.
0:16 of 1st period - Puck is out of play.
0:17 of 1st period - Aleksander Barkov wins face-off versus Ryan Kesler in Kings zone.
0:26 of 1st period - Wrist shot by Johnny Gaudreau.
0:26 of 1st period - Stopped by Ryan Miller with a rebound.
0:28 of 1st period - Wrist shot by Jakob Silfverberg.
0:28 of 1st period - Shot Blocked by Luke Schenn.
1:33 of 1st period - Wrist shot by Nikita Kucherov.
1:33 of 1st period - Shot Misses the Net.
1:35 of 1st period - Slapshot by Mark Stuart.
1:35 of 1st period - Deflect By Anze Kopitar.
1:35 of 1st period - Stopped by Ryan Miller with a rebound.
1:37 of 1st period - Wrist shot by Sean Couturier.
1:37 of 1st period - Stopped by Ryan Miller with a rebound.
1:39 of 1st period - Snap shot by Sean Couturier.
1:39 of 1st period - Shot Misses the Net.
1:45 of 1st period - Minor Penalty to Alex Ovechkin for Hooking.
1:46 of 1st period - Tomas Hertl wins face-off versus Sean Couturier in Kings zone.
2:49 of 1st period - Icing by Sean Couturier.
2:50 of 1st period - William Karlsson wins face-off versus Jakob Silfverberg in Avalanche zone.
3:45 of 1st period - Penalty to Alex Ovechkin is over, Alex Ovechkin is back on ice.
3:55 of 1st period - Snap shot by Anze Kopitar.
3:55 of 1st period - Stopped by Cory Schneider with a rebound.
4:17 of 1st period - Snap shot by Sam Bennett.
4:17 of 1st period - Stopped by Ryan Miller with a rebound.
4:19 of 1st period - Slapshot by Mattias Ekholm.
4:19 of 1st period - Stopped by Ryan Miller without a rebound.
4:20 of 1st period - Ryan Kesler wins face-off versus Aleksander Barkov in Kings zone.
4:27 of 1st period - Snap shot by Artem Anisimov.
4:27 of 1st period - Deflect By Mark Giordano.
4:27 of 1st period - Stopped by Cory Schneider without a rebound.
4:28 of 1st period - Aleksander Barkov wins face-off versus Ryan Kesler in Avalanche zone.
4:45 of 1st period - Johnny Gaudreau is hit by Mathieu Perreault and loses puck.
4:58 of 1st period - Slapshot by Aleksander Barkov.
4:58 of 1st period - Goal by Aleksander Barkov - Avalanche : 1 - Kings : 0.
4:59 of 1st period - Jason Zucker wins face-off versus Sean Couturier in neutral zone.
5:08 of 1st period - Slapshot by Oliver Bjorkstrand.
5:08 of 1st period - Deflect By Jason Zucker.
5:08 of 1st period - Stopped by Cory Schneider without a rebound.
5:09 of 1st period - Sean Couturier wins face-off versus Tomas Hertl in Avalanche zone.
5:09 of 1st period - Sean Couturier is hit by Tomas Hertl.
5:12 of 1st period - Minor Penalty to Mark Giordano for Hooking.
5:13 of 1st period - Zack Smith wins face-off versus Anze Kopitar in Avalanche zone.
5:13 of 1st period - Zack Smith is hit by Justin Schultz.
5:30 of 1st period - Wrist shot by Alex Ovechkin.
5:30 of 1st period - Shot Misses the Net.
6:40 of 1st period - Icing by Alex Ovechkin.
6:41 of 1st period - Micheal Ferland wins face-off versus Anze Kopitar in Kings zone.
7:04 of 1st period - Slapshot by Zack Smith.
7:04 of 1st period - Deflect By Mark Stone.
7:04 of 1st period - Stopped by Ryan Miller without a rebound.
7:05 of 1st period - Sean Couturier wins face-off versus Anze Kopitar in Kings zone.
7:12 of 1st period - Penalty to Mark Giordano is over, Mark Giordano is back on ice.
7:28 of 1st period - Snap shot by Sean Couturier.
7:28 of 1st period - Shot Blocked by Magnus Paajarvi.
7:45 of 1st period - Snap shot by Pavel Buchnevich.
7:45 of 1st period - Shot Hit the Post.
8:23 of 1st period - Ryan Kesler is hit by Mark Stone and loses puck.
8:42 of 1st period - Johnny Gaudreau is hit by Alex Ovechkin and loses puck.
9:13 of 1st period - Wrist shot by Tomas Hertl.
9:13 of 1st period - Shot Blocked by Adam Larsson.
9:23 of 1st period - Zack Smith is hit by Magnus Paajarvi and loses puck.
10:23 of 1st period - Slapshot by Mark Stone.
10:23 of 1st period - Stopped by Ryan Miller with a rebound.
10:25 of 1st period - Slapshot by Sean Couturier.
10:25 of 1st period - Stopped by Ryan Miller with a rebound.
10:27 of 1st period - Slapshot by Sean Couturier.
10:27 of 1st period - Shot Misses the Net.
10:57 of 1st period - Slapshot by Zack Smith.
10:57 of 1st period - Deflect By Tomas Hertl.
10:57 of 1st period - Stopped by Ryan Miller without a rebound.
10:58 of 1st period - Tomas Hertl wins face-off versus Zack Smith in Kings zone.
11:07 of 1st period - Slapshot by Zack Smith.
11:07 of 1st period - Shot Misses the Net.
11:09 of 1st period - Slapshot by Mark Giordano.
11:09 of 1st period - Shot Blocked by Michael Del Zotto.
11:11 of 1st period - Slapshot by Zack Smith.
11:11 of 1st period - Shot Misses the Net.
11:13 of 1st period - Wrist shot by Jaccob Slavin.
11:13 of 1st period - Shot Blocked by Michael Del Zotto.
11:53 of 1st period - Jon Merrill is hit by Mark Giordano and loses puck.
12:08 of 1st period - Zack Smith is hit by Magnus Paajarvi and loses puck.
12:31 of 1st period - Snap shot by Mark Stone.
12:31 of 1st period - Shot Blocked by Tomas Hertl.
13:09 of 1st period - Ryan Kesler is hit by Jakob Silfverberg and loses puck.
13:26 of 1st period - Wrist shot by Oliver Bjorkstrand.
13:26 of 1st period - Stopped by Cory Schneider without a rebound.
13:27 of 1st period - Tomas Hertl wins face-off versus Sean Couturier in Avalanche zone.
13:30 of 1st period - Snap shot by Oliver Bjorkstrand.
13:30 of 1st period - Stopped by Cory Schneider without a rebound.
13:31 of 1st period - Anze Kopitar wins face-off versus Sean Couturier in Avalanche zone.
13:42 of 1st period - Slapshot by Nikita Kucherov.
13:42 of 1st period - Stopped by Ryan Miller without a rebound.
13:43 of 1st period - Anze Kopitar wins face-off versus Aleksander Barkov in Kings zone.
13:56 of 1st period - Snap shot by Alex Ovechkin.
13:56 of 1st period - Shot Misses the Net.
13:58 of 1st period - Slapshot by Anze Kopitar.
13:58 of 1st period - Shot Misses the Net.
15:44 of 1st period - Mathieu Perreault is hit by Nikita Kucherov and loses puck.
15:57 of 1st period - Wrist shot by Micheal Ferland.
15:57 of 1st period - Stopped by Ryan Miller without a rebound.
15:58 of 1st period - Tomas Hertl wins face-off versus Zack Smith in Kings zone.
16:07 of 1st period - Wrist shot by Micheal Ferland.
16:07 of 1st period - Stopped by Ryan Miller without a rebound.
16:08 of 1st period - Jakob Silfverberg wins face-off versus Thomas Vanek in Kings zone.
16:17 of 1st period - Snap shot by Johnny Gaudreau.
16:17 of 1st period - Deflect By Aleksander Barkov.
16:17 of 1st period - Stopped by Ryan Miller without a rebound.
16:18 of 1st period - Anze Kopitar wins face-off versus Aleksander Barkov in Kings zone.
16:23 of 1st period - Wrist shot by Alex Ovechkin.
16:23 of 1st period - Shot Misses the Net.
16:25 of 1st period - Snap shot by Alex Ovechkin.
16:25 of 1st period - Stopped by Cory Schneider with a rebound.
16:27 of 1st period - Slapshot by Justin Schultz.
16:27 of 1st period - Shot Blocked by Mark Giordano.
16:29 of 1st period - Slapshot by Danny DeKeyser.
16:29 of 1st period - Deflect By Aleksander Barkov.
16:29 of 1st period - Stopped by Cory Schneider without a rebound.
16:30 of 1st period - Anze Kopitar wins face-off versus Sean Couturier in Avalanche zone.
16:47 of 1st period - Slapshot by Nikita Kucherov.
16:47 of 1st period - Shot Misses the Net.
17:18 of 1st period - Off-side.
17:19 of 1st period - Ryan Kesler wins face-off versus Sam Bennett in neutral zone.
17:30 of 1st period - Wrist shot by Mathieu Perreault.
17:30 of 1st period - Stopped by Cory Schneider with a rebound.
17:32 of 1st period - Wrist shot by Mathieu Perreault.
17:32 of 1st period - Shot Misses the Net.
17:34 of 1st period - Slapshot by Justin Schultz.
17:34 of 1st period - Shot Misses the Net.
17:36 of 1st period - Snap shot by Ryan Kesler.
17:36 of 1st period - Shot Blocked by Alex Chiasson.
17:52 of 1st period - Off-side.
17:53 of 1st period - William Karlsson wins face-off versus Sean Couturier in neutral zone.
18:00 of 1st period - Slapshot by Magnus Paajarvi.
18:00 of 1st period - Stopped by Cory Schneider with a rebound.
18:06 of 1st period - Slapshot by Mark Stone.
18:06 of 1st period - Shot Blocked by William Karlsson.
18:08 of 1st period - Slapshot by Fedor Tyutin.
18:08 of 1st period - Shot Blocked by Brian Dumoulin.
18:10 of 1st period - Wrist shot by Nikita Kucherov.
18:10 of 1st period - Stopped by Ryan Miller without a rebound.
18:11 of 1st period - Aleksander Barkov wins face-off versus Anze Kopitar in Kings zone.
18:16 of 1st period - Snap shot by Aleksander Barkov.
18:16 of 1st period - Shot Blocked by Danny DeKeyser.
18:18 of 1st period - Snap shot by Aleksander Barkov.
18:18 of 1st period - Shot Misses the Net.
18:20 of 1st period - Slapshot by Johnny Gaudreau.
18:20 of 1st period - Shot Blocked by Danny DeKeyser.
18:22 of 1st period - Wrist shot by Mark Giordano.
18:22 of 1st period - Stopped by Ryan Miller without a rebound.
18:23 of 1st period - Sean Couturier wins face-off versus Ryan Kesler in Kings zone.
19:17 of 1st period - Zack Smith is hit by Michael Del Zotto and loses puck.
19:46 of 1st period - Nikita Soshnikov is hit by Adam Larsson and loses puck.
Goals for this period are 1 for Avalanche vs 0 for Kings.
Shots for this period are 16 for Avalanche vs 9 for Kings.

2nd period


0:01 of 2nd period - Ryan Kesler wins face-off versus Aleksander Barkov in neutral zone.
0:04 of 2nd period - Wrist shot by Ryan Kesler.
0:04 of 2nd period - Stopped by Cory Schneider with a rebound.
0:37 of 2nd period - Wrist shot by Anze Kopitar.
0:37 of 2nd period - Stopped by Cory Schneider with a rebound.
0:53 of 2nd period - Wrist shot by Jason Zucker.
0:53 of 2nd period - Shot Blocked by Adam Larsson.
1:38 of 2nd period - Wrist shot by Sam Bennett.
1:38 of 2nd period - Stopped by Ryan Miller with a rebound.
1:52 of 2nd period - Wrist shot by Anze Kopitar.
1:52 of 2nd period - Stopped by Cory Schneider with a rebound.
3:27 of 2nd period - Fedor Tyutin is hit by Nikita Soshnikov and loses puck.
3:41 of 2nd period - Snap shot by Mark Stone.
3:41 of 2nd period - Shot Misses the Net.
4:04 of 2nd period - Snap shot by Mark Stone.
4:04 of 2nd period - Shot Misses the Net.
4:10 of 2nd period - Snap shot by Mark Stone.
4:10 of 2nd period - Goal by Mark Stone - Avalanche : 2 - Kings : 0.
4:11 of 2nd period - Anze Kopitar wins face-off versus Jakob Silfverberg in neutral zone.
4:19 of 2nd period - Snap shot by Anze Kopitar.
4:19 of 2nd period - Shot Misses the Net.
4:37 of 2nd period - Slapshot by Oliver Bjorkstrand.
4:37 of 2nd period - Stopped by Cory Schneider with a rebound.
5:01 of 2nd period - Mark Giordano is hit by Ryan Kesler and loses puck.
5:25 of 2nd period - Minor Penalty to Alex Ovechkin for Boarding.
5:26 of 2nd period - Sean Couturier wins face-off versus Tomas Hertl in Kings zone.
5:30 of 2nd period - Slapshot by Nikita Kucherov.
5:30 of 2nd period - Stopped by Ryan Miller with a rebound.
6:36 of 2nd period - Mark Giordano is hit by Jason Zucker.
7:01 of 2nd period - Snap shot by Artem Anisimov.
7:01 of 2nd period - Shot Misses the Net.
7:25 of 2nd period - Penalty to Alex Ovechkin is over, Alex Ovechkin is back on ice.
7:29 of 2nd period - Snap shot by Anze Kopitar.
7:29 of 2nd period - Stopped by Cory Schneider with a rebound.
8:33 of 2nd period - Mark Stone is hit by Michael Del Zotto and loses puck.
8:53 of 2nd period - Sam Bennett is hit by Justin Schultz and loses puck.
9:11 of 2nd period - Slapshot by Justin Schultz.
9:11 of 2nd period - Shot Misses the Net.
9:21 of 2nd period - Adam Larsson is hit by Justin Schultz and loses puck.
9:34 of 2nd period - Micheal Ferland is hit by Tomas Hertl and loses puck.
9:53 of 2nd period - Adam Larsson is hit by Ryan Kesler and loses puck.
10:04 of 2nd period - Snap shot by Nikita Kucherov.
10:04 of 2nd period - Stopped by Ryan Miller with a rebound.
10:32 of 2nd period - Snap shot by Oliver Bjorkstrand.
10:32 of 2nd period - Deflect By Tomas Hertl.
10:32 of 2nd period - Shot Misses the Net.
10:32 of 2nd period - Puck is out of play.
10:33 of 2nd period - Sean Couturier wins face-off versus Tomas Hertl in Avalanche zone.
10:33 of 2nd period - Sean Couturier is hit by Tomas Hertl.
10:45 of 2nd period - Mark Stone is hit by Tomas Hertl and loses puck.
10:56 of 2nd period - Aleksander Barkov is hit by Mathieu Perreault and loses puck.
11:01 of 2nd period - Wrist shot by Ryan Kesler.
11:01 of 2nd period - Stopped by Cory Schneider with a rebound.
11:03 of 2nd period - Slapshot by Michael Del Zotto.
11:03 of 2nd period - Deflect By Jaccob Slavin.
11:03 of 2nd period - Stopped by Cory Schneider with a rebound.
11:05 of 2nd period - Wrist shot by Ryan Kesler.
11:05 of 2nd period - Deflect By Mathieu Perreault.
11:05 of 2nd period - Deflect By Jakob Silfverberg.
11:05 of 2nd period - Shot Misses the Net.
11:05 of 2nd period - Puck is out of play.
11:06 of 2nd period - Anze Kopitar wins face-off versus Micheal Ferland in Avalanche zone.
11:13 of 2nd period - Wrist shot by Alex Ovechkin.
11:13 of 2nd period - Goal by Alex Ovechkin - Avalanche : 2 - Kings : 1.
11:14 of 2nd period - Aleksander Barkov wins face-off versus Anze Kopitar in neutral zone.
11:17 of 2nd period - Snap shot by Johnny Gaudreau.
11:17 of 2nd period - Shot Blocked by Luke Schenn.
11:19 of 2nd period - Wrist shot by Jakob Silfverberg.
11:19 of 2nd period - Shot Blocked by Luke Schenn.
11:21 of 2nd period - Snap shot by Jakob Silfverberg.
11:21 of 2nd period - Stopped by Ryan Miller with a rebound.
11:23 of 2nd period - Slapshot by Mattias Ekholm.
11:23 of 2nd period - Stopped by Ryan Miller with a rebound.
11:25 of 2nd period - Snap shot by Johnny Gaudreau.
11:25 of 2nd period - Shot Misses the Net.
12:13 of 2nd period - Minor Penalty to Adam Larsson for Roughing.
12:14 of 2nd period - Anze Kopitar wins face-off versus Zack Smith in Avalanche zone.
13:06 of 2nd period - Mark Stuart is hit by Justin Schultz and loses puck.
13:49 of 2nd period - Mark Stone is hit by Michael Del Zotto and loses puck.
14:13 of 2nd period - Penalty to Adam Larsson is over, Adam Larsson is back on ice.
14:22 of 2nd period - Wrist shot by Micheal Ferland.
14:22 of 2nd period - Stopped by Ryan Miller without a rebound.
14:23 of 2nd period - Sean Couturier wins face-off versus William Karlsson in Kings zone.
14:28 of 2nd period - Wrist shot by Nikita Kucherov.
14:28 of 2nd period - Shot Misses the Net.
14:30 of 2nd period - Slapshot by Fedor Tyutin.
14:30 of 2nd period - Stopped by Ryan Miller without a rebound.
14:31 of 2nd period - Anze Kopitar wins face-off versus Nikita Kucherov in Kings zone.
14:48 of 2nd period - Fedor Tyutin is hit by Alex Ovechkin and loses puck.
15:03 of 2nd period - Snap shot by Artem Anisimov.
15:03 of 2nd period - Shot Blocked by Fedor Tyutin.
15:28 of 2nd period - Tomas Hertl is hit by Mark Jankowski and loses puck.
15:45 of 2nd period - Snap shot by Nikita Kucherov.
15:45 of 2nd period - Stopped by Ryan Miller without a rebound.
15:46 of 2nd period - Sean Couturier wins face-off versus Alex Ovechkin in Kings zone.
15:49 of 2nd period - Snap shot by Sean Couturier.
15:49 of 2nd period - Deflect By Mark Stone.
15:49 of 2nd period - Stopped by Ryan Miller with a rebound.
16:56 of 2nd period - Wrist shot by Magnus Paajarvi.
16:56 of 2nd period - Deflect By William Karlsson.
16:56 of 2nd period - Shot Misses the Net.
16:56 of 2nd period - Puck is out of play.
16:57 of 2nd period - Sam Bennett wins face-off versus William Karlsson in Avalanche zone.
17:02 of 2nd period - Snap shot by Alex Chiasson.
17:02 of 2nd period - Shot Misses the Net.
17:22 of 2nd period - Magnus Paajarvi is hit by Jakob Silfverberg and loses puck.
17:41 of 2nd period - Slapshot by Nikita Kucherov.
17:41 of 2nd period - Shot Misses the Net.
17:43 of 2nd period - Slapshot by Mark Stone.
17:43 of 2nd period - Deflect By Alex Ovechkin.
17:43 of 2nd period - Stopped by Ryan Miller without a rebound.
17:44 of 2nd period - Sean Couturier wins face-off versus Anze Kopitar in Kings zone.
17:53 of 2nd period - Wrist shot by Alex Ovechkin.
17:53 of 2nd period - Goal by Alex Ovechkin - Avalanche : 2 - Kings : 2.
17:54 of 2nd period - Aleksander Barkov wins face-off versus Ryan Kesler in neutral zone.
19:34 of 2nd period - Slapshot by Michael Del Zotto.
19:34 of 2nd period - Deflect By Anze Kopitar.
19:34 of 2nd period - Shot Blocked by Fedor Tyutin.
19:34 of 2nd period - Puck is out of play.
19:35 of 2nd period - Sean Couturier wins face-off versus Ryan Kesler in Avalanche zone.
Goals for this period are 1 for Avalanche vs 2 for Kings.
Shots for this period are 11 for Avalanche vs 9 for Kings.

3rd period


0:01 of 3rd period - Aleksander Barkov wins face-off versus Thomas Vanek in neutral zone.
0:27 of 3rd period - Mark Giordano is hit by Ryan Kesler and loses puck.
0:48 of 3rd period - Wrist shot by Zack Smith.
0:48 of 3rd period - Shot Misses the Net.
0:50 of 3rd period - Wrist shot by Mark Jankowski.
0:50 of 3rd period - Goal by Mark Jankowski - Avalanche : 3 - Kings : 2.
0:51 of 3rd period - Aleksander Barkov wins face-off versus Anze Kopitar in neutral zone.
1:40 of 3rd period - Wrist shot by Tomas Hertl.
1:40 of 3rd period - Stopped by Cory Schneider with a rebound.
2:24 of 3rd period - Snap shot by Johnny Gaudreau.
2:24 of 3rd period - Goal by Johnny Gaudreau - Avalanche : 4 - Kings : 2.
2:25 of 3rd period - Anze Kopitar wins face-off versus Aleksander Barkov in neutral zone.
2:29 of 3rd period - Off-side.
2:30 of 3rd period - Anze Kopitar wins face-off versus Aleksander Barkov in neutral zone.
2:39 of 3rd period - Thomas Vanek is hit by Aleksander Barkov and loses puck.
3:26 of 3rd period - Snap shot by Zack Smith.
3:26 of 3rd period - Shot Misses the Net.
3:28 of 3rd period - Slapshot by Fedor Tyutin.
3:28 of 3rd period - Shot Misses the Net.
3:49 of 3rd period - Snap shot by Tomas Hertl.
3:49 of 3rd period - Stopped by Cory Schneider with a rebound.
4:25 of 3rd period - Slapshot by Tomas Hertl.
4:25 of 3rd period - Shot Misses the Net.
4:27 of 3rd period - Slapshot by Jon Merrill.
4:27 of 3rd period - Shot Blocked by Mark Stuart.
4:29 of 3rd period - Slapshot by Tomas Hertl.
4:29 of 3rd period - Stopped by Cory Schneider without a rebound.
4:30 of 3rd period - Anze Kopitar wins face-off versus Sean Couturier in Avalanche zone.
5:19 of 3rd period - Snap shot by Nikita Soshnikov.
5:19 of 3rd period - Stopped by Cory Schneider without a rebound.
5:20 of 3rd period - Sam Bennett wins face-off versus William Karlsson in Avalanche zone.
5:47 of 3rd period - Pavel Buchnevich is hit by Magnus Paajarvi and loses puck.
6:02 of 3rd period - Wrist shot by Pavel Buchnevich.
6:02 of 3rd period - Shot Misses the Net.
6:16 of 3rd period - Slapshot by Sam Bennett.
6:16 of 3rd period - Deflect By Alex Chiasson.
6:16 of 3rd period - Shot Misses the Net.
6:16 of 3rd period - Puck is out of play.
6:17 of 3rd period - Nikita Kucherov wins face-off versus Alex Ovechkin in Kings zone.
6:30 of 3rd period - Snap shot by Alex Ovechkin.
6:30 of 3rd period - Shot Misses the Net.
6:32 of 3rd period - Wrist shot by Thomas Vanek.
6:32 of 3rd period - Shot Misses the Net.
6:34 of 3rd period - Snap shot by Anze Kopitar.
6:34 of 3rd period - Deflect By Alex Ovechkin.
6:34 of 3rd period - Goal by Alex Ovechkin - Avalanche : 4 - Kings : 3.
6:35 of 3rd period - Ryan Kesler wins face-off versus Sean Couturier in neutral zone.
6:42 of 3rd period - Wrist shot by Ryan Kesler.
6:42 of 3rd period - Stopped by Cory Schneider with a rebound.
6:44 of 3rd period - Backhand shot by Artem Anisimov.
6:44 of 3rd period - Shot Misses the Net.
6:50 of 3rd period - Snap shot by Ryan Kesler.
6:50 of 3rd period - Stopped by Cory Schneider with a rebound.
6:52 of 3rd period - Slapshot by Ryan Kesler.
6:52 of 3rd period - Deflect By Mathieu Perreault.
6:52 of 3rd period - Stopped by Cory Schneider without a rebound.
6:53 of 3rd period - Anze Kopitar wins face-off versus Zack Smith in Avalanche zone.
7:27 of 3rd period - Snap shot by Oliver Bjorkstrand.
7:27 of 3rd period - Stopped by Cory Schneider with a rebound.
8:31 of 3rd period - Slapshot by Mattias Ekholm.
8:31 of 3rd period - Deflect By Pavel Buchnevich.
8:31 of 3rd period - Stopped by Ryan Miller with a rebound.
8:33 of 3rd period - Snap shot by Pavel Buchnevich.
8:33 of 3rd period - Shot Blocked by Magnus Paajarvi.
8:35 of 3rd period - Snap shot by Mattias Ekholm.
8:35 of 3rd period - Shot Misses the Net.
8:55 of 3rd period - Slapshot by Nikita Kucherov.
8:55 of 3rd period - Stopped by Ryan Miller with a rebound.
9:27 of 3rd period - Wrist shot by Tomas Hertl.
9:27 of 3rd period - Shot Misses the Net.
9:29 of 3rd period - Snap shot by Danny DeKeyser.
9:29 of 3rd period - Shot Blocked by Sam Bennett.
9:31 of 3rd period - Wrist shot by Oliver Bjorkstrand.
9:31 of 3rd period - Stopped by Cory Schneider with a rebound.
9:33 of 3rd period - Snap shot by Justin Schultz.
9:33 of 3rd period - Shot Blocked by Fedor Tyutin.
9:59 of 3rd period - Mark Giordano is hit by Oliver Bjorkstrand.
10:17 of 3rd period - Slapshot by Mark Jankowski.
10:17 of 3rd period - Goal by Mark Jankowski - Avalanche : 5 - Kings : 3.
10:18 of 3rd period - Aleksander Barkov wins face-off versus Ryan Kesler in neutral zone.
10:48 of 3rd period - Sean Couturier is hit by Danny DeKeyser and loses puck.
11:01 of 3rd period - Minor Penalty to Anze Kopitar for Hooking.
11:02 of 3rd period - Sean Couturier wins face-off versus Tomas Hertl in Kings zone.
11:11 of 3rd period - Wrist shot by Johnny Gaudreau.
11:11 of 3rd period - Stopped by Ryan Miller without a rebound.
11:12 of 3rd period - Tomas Hertl wins face-off versus Sean Couturier in Kings zone.
12:17 of 3rd period - Wrist shot by Sean Couturier.
12:17 of 3rd period - Shot Blocked by Danny DeKeyser.
12:19 of 3rd period - Slapshot by Jaccob Slavin.
12:19 of 3rd period - Shot Misses the Net.
12:21 of 3rd period - Slapshot by Mark Giordano.
12:21 of 3rd period - Shot Blocked by Danny DeKeyser.
13:01 of 3rd period - Penalty to Anze Kopitar is over, Anze Kopitar is back on ice.
13:43 of 3rd period - Wrist shot by Nikita Kucherov.
13:43 of 3rd period - Shot Blocked by Luke Schenn.
13:51 of 3rd period - Wrist shot by Nikita Kucherov.
13:51 of 3rd period - Stopped by Ryan Miller with a rebound.
14:09 of 3rd period - Slapshot by Johnny Gaudreau.
14:09 of 3rd period - Shot Misses the Net.
14:11 of 3rd period - Snap shot by Johnny Gaudreau.
14:11 of 3rd period - Shot Blocked by Jason Zucker.
14:13 of 3rd period - Snap shot by Johnny Gaudreau.
14:13 of 3rd period - Stopped by Ryan Miller without a rebound.
14:14 of 3rd period - Ryan Kesler wins face-off versus Zack Smith in Kings zone.
14:35 of 3rd period - Wrist shot by Sam Bennett.
14:35 of 3rd period - Shot Misses the Net.
14:37 of 3rd period - Slapshot by Adam Larsson.
14:37 of 3rd period - Stopped by Ryan Miller with a rebound.
14:39 of 3rd period - Slapshot by Fedor Tyutin.
14:39 of 3rd period - Shot Misses the Net.
14:41 of 3rd period - Slapshot by Mark Stuart.
14:41 of 3rd period - Stopped by Ryan Miller with a rebound.
14:43 of 3rd period - Slapshot by Alex Chiasson.
14:43 of 3rd period - Stopped by Ryan Miller without a rebound.
14:44 of 3rd period - Artem Anisimov wins face-off versus Zack Smith in Kings zone.
15:00 of 3rd period - Icing by Fedor Tyutin.
15:01 of 3rd period - Ryan Kesler wins face-off versus Zack Smith in Avalanche zone.
16:46 of 3rd period - Adam Larsson is hit by Nikita Soshnikov and loses puck.
18:16 of 3rd period - Jaccob Slavin is hit by Oliver Bjorkstrand.
19:52 of 3rd period - Alex Chiasson is hit by Thomas Vanek and loses puck.
Goals for this period are 3 for Avalanche vs 1 for Kings.
Shots for this period are 11 for Avalanche vs 10 for Kings.